Jets vs Red Wings
Created - 26 janvier 2015 at 19:33
Goals
|
| Jets |
4 |
1 |
0 |
5 |
| Red Wings |
1 |
1 |
0 |
2 |
|
Shots
|
| Jets |
14 |
13 |
6 |
33 |
| Red Wings |
7 |
7 |
2 |
16 |
|
1st period
1. Jets , Darroll Powe 4 (Dmitri Kalinin, Michal Rozsival) at 8:05
2. Jets , Dustin Brown 17 (Derek Roy, Benoit Pouliot) at 17:08 (PP)
3. Jets , Dustin Brown 18 (Derek Roy, Michal Rozsival) at 18:03 (PP)
4. Jets , Benoit Pouliot 29 (Michal Rozsival, Derek Roy) at 18:20
5. Red Wings , Sean Bergenheim 11 (Mike Richards, Lee Stempniak) at 19:49 (PP)
Penalties :
Lee Stempniak (Det) for Roughing (Double Minor) at 16:34, Derek Roy (Win) for High sticking (Double Minor) at 18:48
2nd period
6. Jets , Jussi Jokinen 14 (Mikko Koivu) at 10:32 (PP)
7. Red Wings , Jason Spezza 32 (Paul Martin, Rick Nash) at 19:25
Penalties :
Fredrik Sjostrom (Win) for Hooking (Minor) at 0:37, Christian Laflamme (Det) for Hooking (Minor) at 9:36
3rd period
No Goal
Penalties :
Fredrik Sjostrom (Win) for Goalie Interference (Minor) at 2:27, Robert Dome (Det) for Hooking (Minor) at 4:51
Goalie Stats
Ilya Bryzgalov (Win), 14 saves from 16 shots - (0,875), W, 9-8-2, 60:00 minutes
Jonathan Quick (Det), 8 saves from 12 shots - (0,667), L, 22-15-5, 18:20 minutes
Scott Clemmensen (Det), 20 saves from 21 shots - (0,952), 41:40 minutes
Players Stats for Jets
Player Name G A P +/- PIM S H SB GA TA FO MP PP MP PK MP
------------------------------------------------------------------------------------
Benoit Pouliot 1 1 2 0 0 7 1 0 2 3 1/4 22:40 2:34 3:11
Colin White 0 0 0 0 0 2 0 0 0 0 0/0 14:33 0:00 1:33
Darroll Powe 1 0 1 1 0 4 3 0 0 0 4/6 11:01 0:00 2:02
Derek Roy 0 3 3 0 4 1 3 1 0 0 16/32 19:28 2:34 1:32
Dmitri Kalinin 0 1 1 1 0 0 1 1 0 2 0/0 27:59 3:13 3:48
Dustin Brown 2 0 2 0 0 4 3 1 0 0 1/2 18:56 2:34 0:00
Eric Fehr 0 0 0 0 0 1 3 0 0 0 0/1 10:58 0:00 0:00
Fredrik Sjostrom 0 0 0 0 4 0 0 0 0 1 2/5 13:12 0:00 1:18
Greg Campbell 0 0 0 0 0 6 4 1 1 0 1/5 13:25 0:00 1:03
Jussi Jokinen 1 0 1 0 0 2 1 0 0 0 0/0 15:14 1:50 0:27
Marek Zidlicky 0 0 0 0 0 0 3 0 0 0 0/0 17:28 1:11 0:26
Michal Rozsival 0 3 3 1 0 2 2 1 0 3 0/0 27:59 3:13 3:48
Mikko Koivu 0 1 1 0 0 3 2 0 2 0 3/7 14:39 1:50 0:00
Ryan Callahan 0 0 0 0 0 0 1 0 0 0 0/0 14:39 1:50 0:00
Tom Preissing 0 0 0 0 0 0 0 1 0 0 0/0 19:01 1:11 1:59
Tuomo Ruutu 0 0 0 1 0 1 1 0 1 0 0/0 9:48 0:00 0:49
Vaclav Varada 0 0 0 1 0 0 0 0 1 0 0/1 8:59 0:00 0:00
Zbynek Michalek 0 0 0 0 0 0 0 1 0 0 0/0 13:00 0:00 0:00
Players Stats for Red Wings
Player Name G A P +/- PIM S H SB GA TA FO MP PP MP PK MP
------------------------------------------------------------------------------------
Brian Sutherby 0 0 0 0 0 1 1 0 0 0 2/3 10:08 0:27 0:29
Christian Backman 0 0 0 0 0 0 0 0 0 0 0/0 3:29 0:00 0:00
Christian Laflamme 0 0 0 0 2 0 0 2 0 0 0/0 12:43 0:00 0:00
Jason Spezza 1 0 1 -1 0 3 2 1 1 1 17/34 25:49 3:20 3:03
Lee Stempniak 0 1 1 0 4 0 2 0 0 0 2/2 18:46 2:27 0:00
Martin Havlat 0 0 0 -1 0 0 5 0 0 0 1/2 20:28 3:20 0:52
Maxim Kondratiev 0 0 0 -1 0 0 2 0 0 0 0/0 18:20 1:47 1:14
Michal Grosek 0 0 0 0 0 0 0 0 0 0 0/0 6:53 0:00 0:29
Mike Brown 0 0 0 0 0 1 1 0 1 0 0/0 12:22 0:00 0:00
Mike Richards 0 1 1 0 0 5 0 0 4 1 9/13 19:38 2:27 0:52
Ossi Vaananen 0 0 0 0 0 0 0 0 0 1 0/0 12:21 0:00 0:09
Paul Martin 0 1 1 0 0 0 0 4 1 1 0/0 26:02 4:00 3:01
Richard Jackman 0 0 0 -1 0 0 0 1 0 1 0/0 18:20 1:47 1:14
Rick Nash 0 1 1 -1 0 1 1 0 1 2 0/1 22:25 3:20 3:03
Robert Dome 0 0 0 0 2 0 3 0 0 0 0/0 12:56 0:00 0:00
Sean Bergenheim 1 0 1 0 0 3 0 0 0 0 1/2 10:40 1:27 0:00
Shawn Horcoff 0 0 0 0 0 1 2 0 1 0 3/6 15:29 0:33 0:00
Shea Weber 0 0 0 0 0 1 2 3 0 0 0/0 28:44 4:00 3:10
3 Stars
1 - Dustin Brown (Win)
2 - Michal Rozsival (Win)
3 - Darroll Powe (Win)
Power Play
Jets - 3 on 4 Attempt(s) - 75,00%
Red Wings - 1 on 4 Attempt(s) - 25,00%
Penalty Kill
Jets - 3 on 4 Attempt(s) - 75,00%
- Score 0 goal in Penalty Kill
Red Wings - 1 on 4 Attempt(s) - 25,00%
- Score 0 goal in Penalty Kill
Team Stat
Jets - Hits : 28 - Faceoff Wins : 28 - Blocked Shots : 7 - Penalty Minutes : 8
Red Wings - Hits : 21 - Faceoff Wins : 35 - Blocked Shots : 11 - Penalty Minutes : 8
Official
Referees : Hasenfratz Mike and Hebert Ghislain
Linesman : Derek Nansen and Michel Cormier
Game Notes
Scott Clemmensen enters game at 18:20 of 1st period
Sean Bergenheim is injured at 14:49 of 2nd period (Strained Left Elbow)
Derek Roy is injured at 16:00 of 3rd period (Right Wrist)
Finance
Level 1 -- Attendance: 5780 (96,33%) -- Ticket Income 433 500 $
Level 2 -- Attendance: 4723 (94,46%) -- Ticket Income 212 535 $
Level 3 -- Attendance: 1827 (91,35%) -- Ticket Income 45 675 $
Level 4 -- Attendance: 3618 (90,45%) -- Ticket Income 65 124 $
Luxury Box -- Attendance: 1000 (100,00%) -- Ticket Income 150 000 $
Game was played at the Joe Louis Arena'
Total Attendance: 16948 (94,16%)
Total Ticket Income: 906 834 $
Other Income: 136 025 $
Total Income: 1 042 859 $
Jets
5 vs 5 Forward
Center Left Wing Right Wing Time % Phy DF OF
1 Derek Roy Benoit Pouliot Dustin Brown 39 1 2 2
2 Mikko Koivu Jussi Jokinen Ryan Callahan 28 1 2 2
3 Greg Campbell Fredrik Sjostrom Eric Fehr 23 1 2 2
4 Darroll Powe Tuomo Ruutu Vaclav Varada 10 1 2 2
5 vs 5 Defense
Defense Defense Time % Phy DF OF
1 Michal Rozsival Dmitri Kalinin 40 1 2 2
2 Marek Zidlicky Tom Preissing 30 1 2 2
3 Colin White Zbynek Michalek 20 1 2 2
4 Michal Rozsival Dmitri Kalinin 10 1 2 2
PowerPlay Forward
Center Left Wing Right Wing Time % Phy DF OF
1 Derek Roy Benoit Pouliot Dustin Brown 60 1 1 3
2 Mikko Koivu Jussi Jokinen Ryan Callahan 40 1 1 3
PowerPlay Defense
Defense Defense Time % Phy DF OF
1 Michal Rozsival Dmitri Kalinin 60 1 1 3
2 Marek Zidlicky Tom Preissing 40 1 1 3
Penalty Kill 4 Players Forward
Center Wing Time % Phy DF OF
1 Derek Roy Benoit Pouliot 60 1 3 1
2 Greg Campbell Tuomo Ruutu 40 1 3 1
Penalty Kill 4 Players Defense
Defense Defense Time % Phy DF OF
1 Dmitri Kalinin Michal Rozsival 60 1 4 0
2 Colin White Tom Preissing 40 1 4 0
Penalty Kill - 3 Players Forward
Forward Time % Phy DF OF
1 Derek Roy 60 0 4 1
2 Greg Campbell 40 0 4 1
Penalty Kill - 3 Players Defense
Defense Defense Time % Phy DF OF
1 Dmitri Kalinin Michal Rozsival 60 1 4 0
2 Tom Preissing Marek Zidlicky 40 1 4 0
4 vs 4 Forward
Center Wing Time % Phy DF OF
1 Derek Roy Benoit Pouliot 60 1 2 2
2 Mikko Koivu Dustin Brown 40 1 2 2
4 vs 4 Defense
Defense Defense Time % Phy DF OF
1 Dmitri Kalinin Michal Rozsival 60 1 2 2
2 Marek Zidlicky Tom Preissing 40 1 2 2
Last Minutes Offensive
Center Left Wing Right Wing Defense Defense
Derek Roy Benoit Pouliot Dustin Brown Dmitri Kalinin Michal Rozsival
Last Minutes Defensive
Center Left Wing Right Wing Defense Defense
Greg Campbell Tuomo Ruutu Derek Roy Dmitri Kalinin Michal Rozsival
Goaltenders
Starting : Ilya Bryzgalov
Backup : Maxime Daigneault
Extra Forwards
Normal : Greg Campbell, Derek Roy, Fredrik Sjostrom - PP : Greg Campbell, Derek Roy - PK : Fredrik Sjostrom
Extra Defensemen
Normal : Tom Preissing, Dmitri Kalinin, Michal Rozsival - PP : Michal Rozsival - PK : Michal Rozsival, Dmitri Kalinin
Penalty Shots
Benoit Pouliot, Derek Roy, Mikko Koivu, Greg Campbell, Dustin Brown
Red Wings
5 vs 5 Forward
Center Left Wing Right Wing Time % Phy DF OF
1 Jason Spezza Rick Nash Martin Havlat 40 1 2 2
2 Mike Richards Sean Bergenheim Lee Stempniak 30 1 2 2
3 Shawn Horcoff Robert Dome Mike Brown 20 1 2 2
4 Brian Sutherby Michal Grosek Jason Spezza 10 1 2 2
5 vs 5 Defense
Defense Defense Time % Phy DF OF
1 Shea Weber Paul Martin 40 1 2 2
2 Richard Jackman Maxim Kondratiev 30 1 2 2
3 Christian Laflamme Ossi Vaananen 20 1 2 2
4 Christian Backman Shea Weber 10 1 2 2
PowerPlay Forward
Center Left Wing Right Wing Time % Phy DF OF
1 Jason Spezza Rick Nash Martin Havlat 60 1 2 2
2 Mike Richards Sean Bergenheim Lee Stempniak 40 1 2 2
PowerPlay Defense
Defense Defense Time % Phy DF OF
1 Shea Weber Paul Martin 60 1 2 2
2 Richard Jackman Maxim Kondratiev 40 1 2 2
Penalty Kill 4 Players Forward
Center Wing Time % Phy DF OF
1 Jason Spezza Rick Nash 60 1 2 2
2 Martin Havlat Mike Richards 40 1 2 2
Penalty Kill 4 Players Defense
Defense Defense Time % Phy DF OF
1 Shea Weber Paul Martin 60 1 2 2
2 Richard Jackman Maxim Kondratiev 40 1 2 2
Penalty Kill - 3 Players Forward
Forward Time % Phy DF OF
1 Jason Spezza 60 1 2 2
2 Rick Nash 40 1 2 2
Penalty Kill - 3 Players Defense
Defense Defense Time % Phy DF OF
1 Shea Weber Paul Martin 60 1 2 2
2 Richard Jackman Maxim Kondratiev 40 1 2 2
4 vs 4 Forward
Center Wing Time % Phy DF OF
1 Jason Spezza Rick Nash 60 1 2 2
2 Martin Havlat Mike Richards 40 1 2 2
4 vs 4 Defense
Defense Defense Time % Phy DF OF
1 Shea Weber Paul Martin 60 1 2 2
2 Richard Jackman Maxim Kondratiev 40 1 2 2
Last Minutes Offensive
Center Left Wing Right Wing Defense Defense
Jason Spezza Rick Nash Martin Havlat Shea Weber Paul Martin
Last Minutes Defensive
Center Left Wing Right Wing Defense Defense
Jason Spezza Rick Nash Martin Havlat Shea Weber Paul Martin
Goaltenders
Starting : Jonathan Quick
Backup : Scott Clemmensen
Extra Forwards
Normal : Shawn Horcoff, Brian Sutherby, Robert Dome - PP : Shawn Horcoff, Brian Sutherby - PK : Robert Dome
Extra Defensemen
Normal : Christian Laflamme, Ossi Vaananen, Christian Backman - PP : Christian Laflamme - PK : Ossi Vaananen, Christian Backman
Penalty Shots
Jason Spezza, Rick Nash, Martin Havlat, Mike Richards, Sean Bergenheim
% Time on Ice - Jets
Lines # - Real PCT - Wanted PCT - Time Play
Normal Forward
1 - 34% - 39% - 17:03
2 - 26% - 28% - 12:49
3 - 22% - 23% - 10:58
4 - 18% - 10% - 8:59
Normal Defense
1 - 39% - 40% - 19:20
2 - 32% - 30% - 15:51
3 - 26% - 20% - 13:00
4 - 3% - 10% - 1:38
PP Forward
1 - 58% - 60% - 2:34
2 - 42% - 40% - 1:50
PP Defense
1 - 73% - 60% - 3:13
2 - 27% - 40% - 1:11
PK Forward
1 - 82% - 60% - 3:47
2 - 18% - 40% - 0:49
PK Defense
1 - 66% - 60% - 3:03
2 - 34% - 40% - 1:33
PK3 Forward
1 - 100% - 60% - 1:11
2 - 0% - 40% - 0:00
PK3 Defense
1 - 63% - 60% - 0:45
2 - 37% - 40% - 0:26
44 Forward
1 - 0% - 60%
2 - 0% - 40%
44 Defense
1 - 0% - 60%
2 - 0% - 40%
Last Minute Offensive - 0:00
Last Minute Defensive - 0:00
Total
Forward - 60:00
Defense - 60:00
|
% Time on Ice - Red Wings
Lines # - Real PCT - Wanted PCT - Time Play
Normal Forward
1 - 31% - 40% - 15:33
2 - 34% - 30% - 16:51
3 - 25% - 20% - 12:17
4 - 10% - 10% - 5:08
Normal Defense
1 - 38% - 40% - 19:02
2 - 31% - 30% - 15:19
3 - 24% - 20% - 12:11
4 - 7% - 10% - 3:17
PP Forward
1 - 58% - 60% - 3:20
2 - 42% - 40% - 2:27
PP Defense
1 - 69% - 60% - 4:00
2 - 31% - 40% - 1:47
PK Forward
1 - 80% - 60% - 3:32
2 - 20% - 40% - 0:52
PK Defense
1 - 72% - 60% - 3:10
2 - 28% - 40% - 1:14
PK3 Forward
1 - 0% - 60%
2 - 0% - 40%
PK3 Defense
1 - 0% - 60%
2 - 0% - 40%
44 Forward
1 - 0% - 60%
2 - 0% - 40%
44 Defense
1 - 0% - 60%
2 - 0% - 40%
Last Minute Offensive - 0:00
Last Minute Defensive - 0:00
Total
Forward - 60:00
Defense - 60:00
|
Play by Play
1st period
0:01 of 1st period - Jason Spezza wins face-off versus Derek Roy in neutral zone.
0:06 of 1st period - Michal Rozsival is hit by Martin Havlat and loses puck.
0:14 of 1st period - Off-side.
0:15 of 1st period - Mikko Koivu wins face-off versus Mike Richards in neutral zone.
0:41 of 1st period - Robert Dome is hit by Eric Fehr and loses puck.
1:14 of 1st period - Wrist shot by Rick Nash.
1:14 of 1st period - Stopped by Ilya Bryzgalov with a rebound.
1:32 of 1st period - Wrist shot by Tuomo Ruutu.
1:32 of 1st period - Shot Misses the Net.
1:54 of 1st period - Snap shot by Mikko Koivu.
1:54 of 1st period - Shot Misses the Net.
1:56 of 1st period - Slapshot by Colin White.
1:56 of 1st period - Stopped by Jonathan Quick with a rebound.
1:58 of 1st period - Slapshot by Jussi Jokinen.
1:58 of 1st period - Shot Misses the Net.
2:30 of 1st period - Snap shot by Mike Richards.
2:30 of 1st period - Shot Misses the Net.
3:35 of 1st period - Snap shot by Greg Campbell.
3:35 of 1st period - Stopped by Jonathan Quick without a rebound.
3:36 of 1st period - Sean Bergenheim wins face-off versus Greg Campbell in Red Wings zone.
3:52 of 1st period - Snap shot by Greg Campbell.
3:52 of 1st period - Stopped by Jonathan Quick without a rebound.
3:53 of 1st period - Derek Roy wins face-off versus Shawn Horcoff in Red Wings zone.
5:07 of 1st period - Mike Brown is hit by Darroll Powe and loses puck.
5:50 of 1st period - Slapshot by Mike Richards.
5:50 of 1st period - Shot Misses the Net.
5:52 of 1st period - Slapshot by Mike Richards.
5:52 of 1st period - Shot Blocked by Michal Rozsival.
6:03 of 1st period - Off-side.
6:04 of 1st period - Greg Campbell wins face-off versus Shawn Horcoff in neutral zone.
6:29 of 1st period - Paul Martin is hit by Jussi Jokinen.
6:37 of 1st period - Wrist shot by Mike Brown.
6:37 of 1st period - Stopped by Ilya Bryzgalov with a rebound.
6:54 of 1st period - Snap shot by Shawn Horcoff.
6:54 of 1st period - Shot Misses the Net.
7:04 of 1st period - Colin White is hit by Shawn Horcoff and loses puck.
7:41 of 1st period - Slapshot by Darroll Powe.
7:41 of 1st period - Stopped by Jonathan Quick without a rebound.
7:42 of 1st period - Mike Richards wins face-off versus Darroll Powe in Red Wings zone.
8:05 of 1st period - Wrist shot by Darroll Powe.
8:05 of 1st period - Goal by Darroll Powe - Jets : 1 - Red Wings : 0.
8:06 of 1st period - Jason Spezza wins face-off versus Derek Roy in neutral zone.
8:15 of 1st period - Jason Spezza is hit by Dustin Brown and loses puck.
9:21 of 1st period - Wrist shot by Tuomo Ruutu.
9:21 of 1st period - Stopped by Jonathan Quick with a rebound.
9:23 of 1st period - Snap shot by Darroll Powe.
9:23 of 1st period - Stopped by Jonathan Quick without a rebound.
9:24 of 1st period - Mike Richards wins face-off versus Derek Roy in Red Wings zone.
10:14 of 1st period - Wrist shot by Brian Sutherby.
10:14 of 1st period - Stopped by Ilya Bryzgalov with a rebound.
10:16 of 1st period - Slapshot by Shea Weber.
10:16 of 1st period - Shot Blocked by Zbynek Michalek.
10:30 of 1st period - Shea Weber is hit by Darroll Powe and loses puck.
10:54 of 1st period - Marek Zidlicky is hit by Robert Dome and loses puck.
11:13 of 1st period - Robert Dome is hit by Ryan Callahan and loses puck.
11:50 of 1st period - Off-side.
11:51 of 1st period - Derek Roy wins face-off versus Sean Bergenheim in neutral zone.
12:27 of 1st period - Snap shot by Mikko Koivu.
12:27 of 1st period - Shot Blocked by Richard Jackman.
13:32 of 1st period - Benoit Pouliot is hit by Robert Dome and loses puck.
14:49 of 1st period - Icing by Tom Preissing.
14:50 of 1st period - Mike Richards wins face-off versus Mikko Koivu in Jets zone.
14:51 of 1st period - Slapshot by Sean Bergenheim.
14:51 of 1st period - Shot Misses the Net.
15:03 of 1st period - Slapshot by Mikko Koivu.
15:03 of 1st period - Stopped by Jonathan Quick with a rebound.
15:05 of 1st period - Wrist shot by Jussi Jokinen.
15:05 of 1st period - Shot Misses the Net.
15:41 of 1st period - Rick Nash is hit by Michal Rozsival and loses puck.
15:56 of 1st period - Snap shot by Martin Havlat.
15:56 of 1st period - Shot Blocked by Dmitri Kalinin.
15:58 of 1st period - Snap shot by Jason Spezza.
15:58 of 1st period - Stopped by Ilya Bryzgalov without a rebound.
15:59 of 1st period - Mike Richards wins face-off versus Derek Roy in Jets zone.
16:00 of 1st period - Snap shot by Sean Bergenheim.
16:00 of 1st period - Shot Misses the Net.
16:02 of 1st period - Wrist shot by Paul Martin.
16:02 of 1st period - Shot Blocked by Dustin Brown.
16:04 of 1st period - Slapshot by Shea Weber.
16:04 of 1st period - Stopped by Ilya Bryzgalov with a rebound.
16:06 of 1st period - Snap shot by Mike Richards.
16:06 of 1st period - Stopped by Ilya Bryzgalov with a rebound.
16:08 of 1st period - Snap shot by Mike Richards.
16:08 of 1st period - Deflect By Sean Bergenheim.
16:08 of 1st period - Shot Misses the Net.
16:08 of 1st period - Puck is out of play.
16:09 of 1st period - Derek Roy wins face-off versus Mike Richards in Jets zone.
16:14 of 1st period - Lee Stempniak is hit by Derek Roy and loses puck.
16:34 of 1st period - Double Minor Penalty to Lee Stempniak for Roughing.
16:35 of 1st period - Jason Spezza wins face-off versus Benoit Pouliot in Red Wings zone.
16:45 of 1st period - Snap shot by Benoit Pouliot.
16:45 of 1st period - Deflect By Derek Roy.
16:45 of 1st period - Shot Blocked by Paul Martin.
16:45 of 1st period - Puck is out of play.
16:46 of 1st period - Derek Roy wins face-off versus Jason Spezza in Red Wings zone.
16:47 of 1st period - Wrist shot by Dustin Brown.
16:47 of 1st period - Shot Blocked by Shea Weber.
16:49 of 1st period - Wrist shot by Derek Roy.
16:49 of 1st period - Shot Misses the Net.
16:51 of 1st period - Wrist shot by Derek Roy.
16:51 of 1st period - Deflect By Benoit Pouliot.
16:51 of 1st period - Shot Misses the Net.
16:51 of 1st period - Puck is out of play.
16:52 of 1st period - Jason Spezza wins face-off versus Derek Roy in Red Wings zone.
16:52 of 1st period - Jason Spezza is hit by Dustin Brown.
17:08 of 1st period - Snap shot by Dustin Brown.
17:08 of 1st period - Goal by Dustin Brown - Jets : 2 - Red Wings : 0.
17:09 of 1st period - Derek Roy wins face-off versus Jason Spezza in neutral zone.
17:23 of 1st period - Snap shot by Benoit Pouliot.
17:23 of 1st period - Stopped by Jonathan Quick with a rebound.
17:25 of 1st period - Backhand shot by Dmitri Kalinin.
17:25 of 1st period - Deflect By Dustin Brown.
17:25 of 1st period - Shot Blocked by Paul Martin.
17:25 of 1st period - Puck is out of play.
17:26 of 1st period - Jason Spezza wins face-off versus Mikko Koivu in Red Wings zone.
18:03 of 1st period - Snap shot by Dustin Brown.
18:03 of 1st period - Goal by Dustin Brown - Jets : 3 - Red Wings : 0.
18:04 of 1st period - Derek Roy wins face-off versus Rick Nash in neutral zone.
18:20 of 1st period - Snap shot by Benoit Pouliot.
18:20 of 1st period - Goal by Benoit Pouliot - Jets : 4 - Red Wings : 0.
18:20 of 1st period - Scott Clemmensen enters game.
18:21 of 1st period - Benoit Pouliot wins face-off versus Jason Spezza in neutral zone.
18:26 of 1st period - Icing by Paul Martin.
18:27 of 1st period - Derek Roy wins face-off versus Martin Havlat in Red Wings zone.
18:48 of 1st period - Double Minor Penalty to Derek Roy for High sticking.
18:49 of 1st period - Jason Spezza wins face-off versus Fredrik Sjostrom in Jets zone.
18:52 of 1st period - Snap shot by Jason Spezza.
18:52 of 1st period - Shot Misses the Net.
18:58 of 1st period - Slapshot by Michal Rozsival.
18:58 of 1st period - Deflect By Benoit Pouliot.
18:58 of 1st period - Stopped by Scott Clemmensen without a rebound.
18:59 of 1st period - Martin Havlat wins face-off versus Fredrik Sjostrom in Red Wings zone.
19:12 of 1st period - Shea Weber is hit by Benoit Pouliot and loses puck.
19:25 of 1st period - Backhand shot by Michal Rozsival.
19:25 of 1st period - Shot Blocked by Paul Martin.
19:31 of 1st period - Snap shot by Dmitri Kalinin.
19:31 of 1st period - Shot Misses the Net.
19:33 of 1st period - Slapshot by Michal Rozsival.
19:33 of 1st period - Stopped by Scott Clemmensen without a rebound.
19:34 of 1st period - Lee Stempniak wins face-off versus Benoit Pouliot in Red Wings zone.
19:49 of 1st period - Snap shot by Sean Bergenheim.
19:49 of 1st period - Goal by Sean Bergenheim - Jets : 4 - Red Wings : 1.
19:50 of 1st period - Jason Spezza wins face-off versus Fredrik Sjostrom in neutral zone.
19:53 of 1st period - Benoit Pouliot is hit by Martin Havlat.
Goals for this period are 4 for Jets vs 1 for Red Wings.
Shots for this period are 14 for Jets vs 7 for Red Wings.
2nd period
0:01 of 2nd period - Fredrik Sjostrom wins face-off versus Jason Spezza in neutral zone.
0:06 of 2nd period - Slapshot by Michal Rozsival.
0:06 of 2nd period - Shot Blocked by Shea Weber.
0:37 of 2nd period - Minor Penalty to Fredrik Sjostrom for Hooking.
0:38 of 2nd period - Darroll Powe wins face-off versus Jason Spezza in Jets zone.
0:45 of 2nd period - Off-side.
0:46 of 2nd period - Darroll Powe wins face-off versus Jason Spezza in neutral zone.
1:36 of 2nd period - Wrist shot by Mike Richards.
1:36 of 2nd period - Deflect By Lee Stempniak.
1:36 of 2nd period - Shot Blocked by Tom Preissing.
1:36 of 2nd period - Puck is out of play.
1:37 of 2nd period - Darroll Powe wins face-off versus Jason Spezza in Jets zone.
1:37 of 2nd period - Darroll Powe is hit by Martin Havlat.
1:49 of 2nd period - Penalty to Derek Roy is over, Derek Roy is back on ice.
2:23 of 2nd period - Colin White is hit by Jason Spezza.
2:37 of 2nd period - Penalty to Fredrik Sjostrom is over, Fredrik Sjostrom is back on ice.
2:43 of 2nd period - Paul Martin is hit by Derek Roy.
3:09 of 2nd period - Wrist shot by Benoit Pouliot.
3:09 of 2nd period - Stopped by Scott Clemmensen without a rebound.
3:10 of 2nd period - Mikko Koivu wins face-off versus Brian Sutherby in Red Wings zone.
3:33 of 2nd period - Snap shot by Sean Bergenheim.
3:33 of 2nd period - Stopped by Ilya Bryzgalov without a rebound.
3:34 of 2nd period - Lee Stempniak wins face-off versus Darroll Powe in Jets zone.
3:35 of 2nd period - Snap shot by Mike Richards.
3:35 of 2nd period - Stopped by Ilya Bryzgalov without a rebound.
3:36 of 2nd period - Darroll Powe wins face-off versus Jason Spezza in Jets zone.
3:58 of 2nd period - Off-side.
3:59 of 2nd period - Mike Richards wins face-off versus Derek Roy in neutral zone.
4:04 of 2nd period - Snap shot by Mike Richards.
4:04 of 2nd period - Stopped by Ilya Bryzgalov with a rebound.
4:12 of 2nd period - Snap shot by Sean Bergenheim.
4:12 of 2nd period - Stopped by Ilya Bryzgalov without a rebound.
4:13 of 2nd period - Derek Roy wins face-off versus Jason Spezza in Jets zone.
4:18 of 2nd period - Wrist shot by Jason Spezza.
4:18 of 2nd period - Stopped by Ilya Bryzgalov without a rebound.
4:19 of 2nd period - Jason Spezza wins face-off versus Dustin Brown in Jets zone.
4:49 of 2nd period - Dmitri Kalinin is hit by Lee Stempniak and loses puck.
5:12 of 2nd period - Snap shot by Greg Campbell.
5:12 of 2nd period - Stopped by Scott Clemmensen with a rebound.
5:30 of 2nd period - Michal Rozsival is hit by Martin Havlat and loses puck.
5:59 of 2nd period - Slapshot by Benoit Pouliot.
5:59 of 2nd period - Shot Blocked by Christian Laflamme.
6:01 of 2nd period - Slapshot by Dustin Brown.
6:01 of 2nd period - Stopped by Scott Clemmensen without a rebound.
6:02 of 2nd period - Mikko Koivu wins face-off versus Mike Richards in Red Wings zone.
6:11 of 2nd period - Snap shot by Mikko Koivu.
6:11 of 2nd period - Shot Misses the Net.
6:27 of 2nd period - Benoit Pouliot is hit by Shea Weber and loses puck.
6:47 of 2nd period - Off-side.
6:48 of 2nd period - Jason Spezza wins face-off versus Greg Campbell in neutral zone.
7:01 of 2nd period - Snap shot by Greg Campbell.
7:01 of 2nd period - Stopped by Scott Clemmensen without a rebound.
7:02 of 2nd period - Mike Richards wins face-off versus Derek Roy in Red Wings zone.
7:27 of 2nd period - Jason Spezza is hit by Dmitri Kalinin and loses puck.
8:09 of 2nd period - Shea Weber is hit by Marek Zidlicky and loses puck.
9:01 of 2nd period - Mikko Koivu is hit by Martin Havlat and loses puck.
9:11 of 2nd period - Off-side.
9:12 of 2nd period - Derek Roy wins face-off versus Mike Richards in neutral zone.
9:15 of 2nd period - Slapshot by Michal Rozsival.
9:15 of 2nd period - Shot Blocked by Christian Laflamme.
9:17 of 2nd period - Snap shot by Derek Roy.
9:17 of 2nd period - Stopped by Scott Clemmensen without a rebound.
9:18 of 2nd period - Mike Richards wins face-off versus Derek Roy in Red Wings zone.
9:36 of 2nd period - Minor Penalty to Christian Laflamme for Hooking.
9:37 of 2nd period - Derek Roy wins face-off versus Jason Spezza in Red Wings zone.
10:03 of 2nd period - Mikko Koivu is hit by Jason Spezza and loses puck.
10:21 of 2nd period - Off-side.
10:22 of 2nd period - Jason Spezza wins face-off versus Mikko Koivu in neutral zone.
10:32 of 2nd period - Snap shot by Jussi Jokinen.
10:32 of 2nd period - Goal by Jussi Jokinen - Jets : 5 - Red Wings : 1.
10:33 of 2nd period - Jason Spezza wins face-off versus Derek Roy in neutral zone.
11:48 of 2nd period - Snap shot by Greg Campbell.
11:48 of 2nd period - Shot Misses the Net.
11:50 of 2nd period - Slapshot by Michal Rozsival.
11:50 of 2nd period - Deflect By Brian Sutherby.
11:50 of 2nd period - Stopped by Scott Clemmensen without a rebound.
11:51 of 2nd period - Mike Richards wins face-off versus Derek Roy in Red Wings zone.
11:56 of 2nd period - Wrist shot by Mike Richards.
11:56 of 2nd period - Stopped by Ilya Bryzgalov with a rebound.
12:41 of 2nd period - Icing by Mikko Koivu.
12:42 of 2nd period - Shawn Horcoff wins face-off versus Mikko Koivu in Jets zone.
12:47 of 2nd period - Snap shot by Mike Richards.
12:47 of 2nd period - Shot Misses the Net.
13:07 of 2nd period - Slapshot by Benoit Pouliot.
13:07 of 2nd period - Stopped by Scott Clemmensen without a rebound.
13:08 of 2nd period - Derek Roy wins face-off versus Jason Spezza in Red Wings zone.
13:23 of 2nd period - Slapshot by Rick Nash.
13:23 of 2nd period - Shot Misses the Net.
13:33 of 2nd period - Mike Richards is hit by Greg Campbell and loses puck.
13:42 of 2nd period - Wrist shot by Mike Richards.
13:42 of 2nd period - Shot Blocked by Greg Campbell.
14:34 of 2nd period - Wrist shot by Jason Spezza.
14:34 of 2nd period - Shot Hit the Post.
14:36 of 2nd period - Snap shot by Jason Spezza.
14:36 of 2nd period - Shot Misses the Net.
14:48 of 2nd period - Sean Bergenheim is hit by Greg Campbell.
14:49 of 2nd period - Sean Bergenheim from Red Wings is injured at 14:49 of 2nd period (Strained Left Elbow).
14:50 of 2nd period - Derek Roy wins face-off versus Jason Spezza in Red Wings zone.
15:19 of 2nd period - Slapshot by Dmitri Kalinin.
15:19 of 2nd period - Shot Misses the Net.
15:40 of 2nd period - Jussi Jokinen is hit by Maxim Kondratiev and loses puck.
15:49 of 2nd period - Slapshot by Mikko Koivu.
15:49 of 2nd period - Stopped by Scott Clemmensen without a rebound.
15:50 of 2nd period - Derek Roy wins face-off versus Jason Spezza in Red Wings zone.
15:53 of 2nd period - Slapshot by Dustin Brown.
15:53 of 2nd period - Stopped by Scott Clemmensen without a rebound.
15:54 of 2nd period - Jason Spezza wins face-off versus Derek Roy in Red Wings zone.
16:41 of 2nd period - Marek Zidlicky is hit by Brian Sutherby and loses puck.
16:48 of 2nd period - Wrist shot by Brian Sutherby.
16:48 of 2nd period - Shot Misses the Net.
18:26 of 2nd period - Off-side.
18:27 of 2nd period - Jason Spezza wins face-off versus Derek Roy in neutral zone.
18:30 of 2nd period - Snap shot by Rick Nash.
18:30 of 2nd period - Shot Misses the Net.
19:06 of 2nd period - Brian Sutherby is hit by Eric Fehr and loses puck.
19:11 of 2nd period - Snap shot by Eric Fehr.
19:11 of 2nd period - Stopped by Scott Clemmensen with a rebound.
19:13 of 2nd period - Snap shot by Greg Campbell.
19:13 of 2nd period - Stopped by Scott Clemmensen with a rebound.
19:15 of 2nd period - Snap shot by Greg Campbell.
19:15 of 2nd period - Stopped by Scott Clemmensen without a rebound.
19:16 of 2nd period - Jason Spezza wins face-off versus Derek Roy in Red Wings zone.
19:25 of 2nd period - Wrist shot by Jason Spezza.
19:25 of 2nd period - Goal by Jason Spezza - Jets : 5 - Red Wings : 2.
19:26 of 2nd period - Jason Spezza wins face-off versus Derek Roy in neutral zone.
19:28 of 2nd period - Paul Martin is hit by Michal Rozsival and loses puck.
19:51 of 2nd period - Ryan Callahan is hit by Shawn Horcoff.
Goals for this period are 1 for Jets vs 1 for Red Wings.
Shots for this period are 13 for Jets vs 7 for Red Wings.
3rd period
0:01 of 3rd period - Dustin Brown wins face-off versus Jason Spezza in neutral zone.
0:04 of 3rd period - Wrist shot by Benoit Pouliot.
0:04 of 3rd period - Stopped by Scott Clemmensen without a rebound.
0:05 of 3rd period - Derek Roy wins face-off versus Jason Spezza in Red Wings zone.
0:08 of 3rd period - Wrist shot by Derek Roy.
0:08 of 3rd period - Shot Blocked by Jason Spezza.
0:10 of 3rd period - Slapshot by Dmitri Kalinin.
0:10 of 3rd period - Shot Misses the Net.
0:12 of 3rd period - Slapshot by Michal Rozsival.
0:12 of 3rd period - Shot Misses the Net.
0:30 of 3rd period - Snap shot by Jussi Jokinen.
0:30 of 3rd period - Deflect By Maxim Kondratiev.
0:30 of 3rd period - Stopped by Scott Clemmensen with a rebound.
1:04 of 3rd period - Snap shot by Mike Richards.
1:04 of 3rd period - Stopped by Ilya Bryzgalov with a rebound.
1:30 of 3rd period - Snap shot by Darroll Powe.
1:30 of 3rd period - Stopped by Scott Clemmensen without a rebound.
1:31 of 3rd period - Mike Richards wins face-off versus Vaclav Varada in Red Wings zone.
2:16 of 3rd period - Off-side.
2:17 of 3rd period - Jason Spezza wins face-off versus Greg Campbell in neutral zone.
2:27 of 3rd period - Minor Penalty to Fredrik Sjostrom for Goalie Interference.
2:28 of 3rd period - Derek Roy wins face-off versus Jason Spezza in Jets zone.
2:54 of 3rd period - Dmitri Kalinin is hit by Shea Weber and loses puck.
3:37 of 3rd period - Shea Weber is hit by Derek Roy.
3:51 of 3rd period - Paul Martin is hit by Darroll Powe.
4:00 of 3rd period - Darroll Powe is hit by Maxim Kondratiev and loses puck.
4:27 of 3rd period - Penalty to Fredrik Sjostrom is over, Fredrik Sjostrom is back on ice.
4:41 of 3rd period - Icing by Mike Brown.
4:42 of 3rd period - Fredrik Sjostrom wins face-off versus Shawn Horcoff in Red Wings zone.
4:49 of 3rd period - Wrist shot by Fredrik Sjostrom.
4:49 of 3rd period - Shot Blocked by Paul Martin.
4:51 of 3rd period - Minor Penalty to Robert Dome for Hooking.
4:52 of 3rd period - Derek Roy wins face-off versus Jason Spezza in Red Wings zone.
4:53 of 3rd period - Backhand shot by Benoit Pouliot.
4:53 of 3rd period - Stopped by Scott Clemmensen with a rebound.
6:51 of 3rd period - Penalty to Robert Dome is over, Robert Dome is back on ice.
6:57 of 3rd period - Christian Laflamme is hit by Greg Campbell and loses puck.
7:08 of 3rd period - Shawn Horcoff is hit by Eric Fehr and loses puck.
9:01 of 3rd period - Mike Richards is hit by Mikko Koivu and loses puck.
10:14 of 3rd period - Mike Brown is hit by Mikko Koivu and loses puck.
11:19 of 3rd period - Marek Zidlicky is hit by Mike Brown and loses puck.
11:26 of 3rd period - Christian Laflamme is hit by Marek Zidlicky and loses puck.
14:15 of 3rd period - Slapshot by Tuomo Ruutu.
14:15 of 3rd period - Deflect By Christian Laflamme.
14:15 of 3rd period - Shot Misses the Net.
14:15 of 3rd period - Puck is out of play.
14:16 of 3rd period - Shawn Horcoff wins face-off versus Derek Roy in Red Wings zone.
14:31 of 3rd period - Snap shot by Jason Spezza.
14:31 of 3rd period - Shot Misses the Net.
14:49 of 3rd period - Jason Spezza is hit by Dustin Brown.
15:21 of 3rd period - Slapshot by Michal Rozsival.
15:21 of 3rd period - Shot Misses the Net.
15:23 of 3rd period - Slapshot by Greg Campbell.
15:23 of 3rd period - Shot Misses the Net.
15:25 of 3rd period - Slapshot by Tom Preissing.
15:25 of 3rd period - Deflect By Eric Fehr.
15:25 of 3rd period - Shot Blocked by Shea Weber.
15:25 of 3rd period - Puck is out of play.
15:26 of 3rd period - Brian Sutherby wins face-off versus Eric Fehr in Red Wings zone.
15:26 of 3rd period - Brian Sutherby is hit by Greg Campbell.
15:46 of 3rd period - Slapshot by Mike Richards.
15:46 of 3rd period - Deflect By Shawn Horcoff.
15:46 of 3rd period - Shot Misses the Net.
15:46 of 3rd period - Puck is out of play.
15:47 of 3rd period - Shawn Horcoff wins face-off versus Derek Roy in Jets zone.
15:58 of 3rd period - Wrist shot by Lee Stempniak.
15:58 of 3rd period - Shot Misses the Net.
16:00 of 3rd period - Snap shot by Lee Stempniak.
16:00 of 3rd period - Shot Blocked by Derek Roy.
16:00 of 3rd period - Derek Roy from Jets is injured at 16:00 of 3rd period (Right Wrist).
16:01 of 3rd period - Jason Spezza wins face-off versus Greg Campbell in Jets zone.
16:26 of 3rd period - Michal Rozsival is hit by Lee Stempniak and loses puck.
17:15 of 3rd period - Michal Rozsival is hit by Robert Dome and loses puck.
17:28 of 3rd period - Wrist shot by Mikko Koivu.
17:28 of 3rd period - Stopped by Scott Clemmensen with a rebound.
17:42 of 3rd period - Fredrik Sjostrom is hit by Rick Nash and loses puck.
18:05 of 3rd period - Lee Stempniak is hit by Marek Zidlicky and loses puck.
18:32 of 3rd period - Slapshot by Marek Zidlicky.
18:32 of 3rd period - Shot Misses the Net.
18:38 of 3rd period - Lee Stempniak is hit by Tuomo Ruutu and loses puck.
19:05 of 3rd period - Slapshot by Colin White.
19:05 of 3rd period - Deflect By Brian Sutherby.
19:05 of 3rd period - Stopped by Scott Clemmensen without a rebound.
19:06 of 3rd period - Brian Sutherby wins face-off versus Benoit Pouliot in Red Wings zone.
19:21 of 3rd period - Snap shot by Zbynek Michalek.
19:21 of 3rd period - Shot Misses the Net.
19:41 of 3rd period - Wrist shot by Shawn Horcoff.
19:41 of 3rd period - Stopped by Ilya Bryzgalov with a rebound.
19:57 of 3rd period - Slapshot by Mikko Koivu.
19:57 of 3rd period - Shot Misses the Net.
Goals for this period are 0 for Jets vs 0 for Red Wings.
Shots for this period are 6 for Jets vs 2 for Red Wings.
Output by the SimonT Hockey Simulator (STHS) for François Prévost -- Original Page W3C XHTML 1.0 Valid